Connexion

Penguins vs Wolf Pack

Created - 28 juillet 2023 at 05:49

Goals
1 2 3 T
Penguins 1 2 0 3
Wolf Pack 0 1 1 2
Shots
1 2 3 T
Penguins 9 14 14 37
Wolf Pack 5 14 14 33

GoalsPenalties
1st period
1. Penguins , Alan Quine 1 (Adam Clendening 1, Gerald Mayhew 1) at 16:00 (PP)
Kyle Wood (HAR) for Delaying the game (Minor) at 11:04
Daniel Walcott (HAR) for Roughing (Minor) at 14:33
Rhett Gardner (WBS) for High sticking (Minor) at 16:05
2nd period
2. Penguins , Jason Dickinson 1 (Adam Clendening 2, Steven Santini 2) at 4:59
3. Wolf Pack , Jeremy Bracco 1 (Nick Lappin 1) at 10:22
4. Penguins , Mikhail Maltsev 1 (Rhett Gardner 1, Alan Quine 1) at 19:02
Keaton Middleton (WBS) for Roughing (Minor) at 5:54
Daniel Walcott (HAR) for Hooking (Minor) at 19:13
3rd period
5. Wolf Pack , Joe Thornton 1 (Cole Bardreau 1, Michael Kapla 2) at 7:11
Luke Witkowski (HAR) for Hooking (Minor) at 1:40
Daniel Walcott (HAR) for Roughing (Minor) at 10:52
Seth Helgeson (HAR) for Hooking (Minor) at 13:35
Karson Kuhlman (WBS) for High sticking (Minor) at 13:35
Goalie Stats
Marek Langhamer (WBS), 31 saves from 33 shots - (0,939), W, 1-0-1, 60:00 minutes
Mads Sogaard (HAR), 34 saves from 37 shots - (0,919), L, 0-2-0, 59:54 minutes
3 StarsOfficial
1 - Alan Quine (WBS)
2 - Jason Dickinson (WBS)
3 - Mikhail Maltsev (WBS)
Referees : Rob Shick and Brad Meier
Linesman : Brad Lazarowich and Scott Cherrey
Game Note
No Game Note
Finance
Level 1 -- Attendance: 2000 (100,00%) -- Ticket Income 70 000 $
Level 2 -- Attendance: 951 (95,10%) -- Ticket Income 14 265 $
Total Attendance: 2951 (98,37%)
Total Ticket Income: 84 265 $
Other Income: 16 853 $
Total Income: 101 118 $



Team Name Goals Shots Shots Attemp Shots Blocked PIM HIT PP PK FO%
Penguins 33769126261 / 5 (20%)053%
Wolf Pack 23364612200 / 2 (0%)147%

Penguins
Player Name POS G A P +/- PIM HIT SHT SB MP PP MP PP SHT PK MP PK SHT FO% FOT
Adam ClendeningD0220002025:154:4411:4600% 0
Alan QuineC/LW/RW112100209:404:2412:4500% 1
Andreas EnglundD0000010113:140:0000:0000% 0
Brian HartLW/RW000-1000113:050:0000:0000% 0
Dylan GambrellC/RW000-1015017:294:2420:00061% 18
Dylan McIlrathD0000010114:150:0001:0100% 0
Gerald MayhewC/RW011-1004015:140:5300:0600% 2
Jason DickinsonC/LW1010044022:454:5911:07040% 35
Joseph BlandisiC/LW0000013115:363:3100:00083% 6
Karson KuhlmanC/RW0000222013:110:0001:07033% 3
Keaton MiddletonD0000230020:294:3901:1100% 0
Kevin BahlD0000030321:314:3902:1200% 0
Liam O'BrienC/LW000000000:000:0000:0000% 0
Marian StudenicRW0000023121:214:5900:0000% 1
Mikhail MaltsevLW1011026023:324:5910:0000% 0
Rhett GardnerC/LW011120103:030:0000:000100% 2
Steven FogartyC/RW0000004019:050:0002:51061% 31
Steven SantiniD0110061425:154:4411:4600% 0
Wolf Pack
Player Name POS G A P +/- PIM HIT SHT SB MP PP MP PP SHT PK MP PK SHT FO% FOT
Ben HolmstromC/RW0000012019:311:3202:430100% 2
Brad RichardsonC/LW/RW0000001025:011:3206:280100% 3
Cole BardreauC/RW0110021117:252:2600:000100% 1
Daniel WalcottD0000641122:041:5901:2500% 0
Dave GustRW000000002:430:0002:4300% 0
Henri IkonenC/LW000000004:080:0000:0000% 0
Jeremy BraccoLW/RW1010002012:432:2600:0000% 0
Joe ThorntonC1010005017:252:2610:00050% 22
Kyle WoodD0000231014:580:0000:0000% 0
Luke WitkowskiRW0000211014:580:0000:0000% 0
Matt DonovanD0000020226:431:5906:0100% 0
Michael KaplaD0110001017:380:0002:2800% 0
Nick LappinC/RW0110005014:570:0000:18038% 21
Santerri SaariD0000001120:311:5905:1300% 0
Seth HelgesonD0000252118:011:5903:3900% 0
Shane BowersC/RW000000204:080:0000:0000% 0
Ty RonningRW0000023010:170:0000:0000% 1
Zac Dalpe C/LW/RW0000005025:211:3216:34045% 49



Play-by-Play

1st period


0:01 of 1st period - Jason Dickinson wins face-off versus Zac Dalpe in neutral zone.
1:19 of 1st period - Shot by Karson Kuhlman.
1:19 of 1st period - Stopped by Mads Sogaard without a rebound.
1:20 of 1st period - Nick Lappin wins face-off versus Dylan Gambrell in Wolf Pack zone.
1:20 of 1st period - Nick Lappin is hit by Keaton Middleton.
2:10 of 1st period - Icing by Kyle Wood.
2:11 of 1st period - Steven Fogarty wins face-off versus Nick Lappin in Wolf Pack zone.
2:40 of 1st period - Nick Lappin is hit by Karson Kuhlman and loses puck.
3:41 of 1st period - Icing by Kyle Wood.
3:42 of 1st period - Nick Lappin wins face-off versus Dylan Gambrell in Wolf Pack zone.
3:52 of 1st period - Icing by Dylan Gambrell.
3:53 of 1st period - Zac Dalpe wins face-off versus Dylan Gambrell in Penguins zone.
3:57 of 1st period - Icing by Kevin Bahl.
3:58 of 1st period - Dylan Gambrell wins face-off versus Joe Thornton in Penguins zone.
4:13 of 1st period - Dylan Gambrell is hit by Seth Helgeson and loses puck.
4:17 of 1st period - Dylan Gambrell is hit by Seth Helgeson and loses puck.
4:30 of 1st period - Shot by Gerald Mayhew.
4:30 of 1st period - Stopped by Mads Sogaard without a rebound.
4:31 of 1st period - Rhett Gardner wins face-off versus Zac Dalpe in Wolf Pack zone.
4:49 of 1st period - Shot by Zac Dalpe .
4:49 of 1st period - Shot Blocked by Steven Santini.
4:51 of 1st period - Shot by Brad Richardson.
4:51 of 1st period - Shot Misses the Net.
5:31 of 1st period - Shot by Cole Bardreau.
5:31 of 1st period - Shot Blocked by Andreas Englund.
5:33 of 1st period - Shot by Seth Helgeson.
5:33 of 1st period - Stopped by Marek Langhamer without a rebound.
5:34 of 1st period - Dylan Gambrell wins face-off versus Joe Thornton in Penguins zone.
5:36 of 1st period - Gerald Mayhew is hit by Luke Witkowski and loses puck.
5:57 of 1st period - Shot by Gerald Mayhew.
5:57 of 1st period - Stopped by Mads Sogaard without a rebound.
5:58 of 1st period - Zac Dalpe wins face-off versus Jason Dickinson in Wolf Pack zone.
6:24 of 1st period - Shot by Mikhail Maltsev.
6:24 of 1st period - Deflect By Marian Studenic.
6:24 of 1st period - Shot Misses the Net.
6:27 of 1st period - Icing by Matt Donovan.
6:28 of 1st period - Steven Fogarty wins face-off versus Zac Dalpe in Wolf Pack zone.
6:35 of 1st period - Shot by Karson Kuhlman.
6:35 of 1st period - Shot Misses the Net.
6:49 of 1st period - Shot by Karson Kuhlman.
6:49 of 1st period - Shot Blocked by Daniel Walcott.
6:51 of 1st period - Shot by Adam Clendening.
6:51 of 1st period - Stopped by Mads Sogaard with a rebound.
6:53 of 1st period - Shot by Steven Fogarty.
6:53 of 1st period - Shot Misses the Net.
7:03 of 1st period - Shot by Steven Fogarty.
7:03 of 1st period - Stopped by Mads Sogaard without a rebound.
7:04 of 1st period - Dylan Gambrell wins face-off versus Nick Lappin in Wolf Pack zone.
7:04 of 1st period - Gerald Mayhew is hit by Seth Helgeson and loses puck.
7:12 of 1st period - Icing by Seth Helgeson.
7:13 of 1st period - Nick Lappin wins face-off versus Jason Dickinson in Wolf Pack zone.
7:13 of 1st period - Nick Lappin is hit by Jason Dickinson.
7:30 of 1st period - Shot by Nick Lappin.
7:30 of 1st period - Deflect By Henri Ikonen.
7:30 of 1st period - Shot Blocked by Marian Studenic.
8:05 of 1st period - Cole Bardreau is hit by Andreas Englund and loses puck.
8:08 of 1st period - Shot by Joe Thornton.
8:08 of 1st period - Stopped by Marek Langhamer without a rebound.
8:09 of 1st period - Cole Bardreau wins face-off versus Steven Fogarty in Penguins zone.
8:18 of 1st period - Shot by Cole Bardreau.
8:18 of 1st period - Shot Misses the Net.
8:21 of 1st period - Icing by Karson Kuhlman.
8:22 of 1st period - Steven Fogarty wins face-off versus Zac Dalpe in Penguins zone.
8:54 of 1st period - Off-side.
8:55 of 1st period - Joe Thornton wins face-off versus Dylan Gambrell in neutral zone.
9:23 of 1st period - Joe Thornton is hit by Keaton Middleton.
10:11 of 1st period - Shot by Mikhail Maltsev.
10:11 of 1st period - Shot Blocked by Cole Bardreau.
10:41 of 1st period - Shot by Ben Holmstrom.
10:41 of 1st period - Shot Misses the Net.
10:43 of 1st period - Shot by Ben Holmstrom.
10:43 of 1st period - Stopped by Marek Langhamer without a rebound.
10:44 of 1st period - Nick Lappin wins face-off versus Steven Fogarty in Penguins zone.
10:44 of 1st period - Henri Ikonen is hit by Steven Santini and loses puck.
11:04 of 1st period - Minor Penalty to Kyle Wood for Delaying the game.
11:05 of 1st period - Joseph Blandisi wins face-off versus Zac Dalpe in Wolf Pack zone.
11:26 of 1st period - Shot by Joseph Blandisi.
11:26 of 1st period - Shot Blocked by Seth Helgeson.
12:51 of 1st period - Shot by Gerald Mayhew.
12:51 of 1st period - Shot Misses the Net.
12:53 of 1st period - Shot by Dylan Gambrell.
12:53 of 1st period - Stopped by Mads Sogaard without a rebound.
12:54 of 1st period - Zac Dalpe wins face-off versus Jason Dickinson in Wolf Pack zone.
13:30 of 1st period - Shot by Ty Ronning.
13:30 of 1st period - Shot Misses the Net.
13:32 of 1st period - Shot by Nick Lappin.
13:32 of 1st period - Deflect By Jeremy Bracco.
13:32 of 1st period - Shot Misses the Net.
13:34 of 1st period - Shot by Ty Ronning.
13:34 of 1st period - Shot Blocked by Joseph Blandisi.
14:33 of 1st period - Minor Penalty to Daniel Walcott for Roughing.
14:34 of 1st period - Jason Dickinson wins face-off versus Zac Dalpe in Wolf Pack zone.
14:47 of 1st period - Shot by Adam Clendening.
14:47 of 1st period - Shot Misses the Net.
14:49 of 1st period - Shot by Mikhail Maltsev.
14:49 of 1st period - Stopped by Mads Sogaard without a rebound.
14:50 of 1st period - Brad Richardson wins face-off versus Jason Dickinson in Wolf Pack zone.
14:50 of 1st period - Brad Richardson is hit by Mikhail Maltsev.
14:59 of 1st period - Icing by Mikhail Maltsev.
15:00 of 1st period - Zac Dalpe wins face-off versus Jason Dickinson in Penguins zone.
15:19 of 1st period - Jason Dickinson is hit by Matt Donovan and loses puck.
15:22 of 1st period - Shot by Mikhail Maltsev.
15:22 of 1st period - Shot Misses the Net.
15:35 of 1st period - Off-side.
15:36 of 1st period - Ben Holmstrom wins face-off versus Gerald Mayhew in neutral zone.
16:00 of 1st period - Shot by Alan Quine.
16:00 of 1st period - Goal by Alan Quine - Penguins : 1 - Wolf Pack : 0.
16:01 of 1st period - Rhett Gardner wins face-off versus Joe Thornton in neutral zone.
16:05 of 1st period - Minor Penalty to Rhett Gardner for High sticking.
16:06 of 1st period - Steven Fogarty wins face-off versus Joe Thornton in Penguins zone.
16:44 of 1st period - Icing by Santerri Saari.
16:45 of 1st period - Joe Thornton wins face-off versus Karson Kuhlman in Wolf Pack zone.
16:49 of 1st period - Icing by Cole Bardreau.
16:50 of 1st period - Joe Thornton wins face-off versus Steven Fogarty in Wolf Pack zone.
18:17 of 1st period - Shot by Nick Lappin.
18:17 of 1st period - Shot Misses the Net.
18:23 of 1st period - Shot by Henri Ikonen.
18:23 of 1st period - Deflect By Shane Bowers.
18:23 of 1st period - Stopped by Marek Langhamer without a rebound.
18:24 of 1st period - Dylan Gambrell wins face-off versus Nick Lappin in Penguins zone.
18:37 of 1st period - Shot by Nick Lappin.
18:37 of 1st period - Stopped by Marek Langhamer without a rebound.
18:38 of 1st period - Joe Thornton wins face-off versus Jason Dickinson in Penguins zone.
18:38 of 1st period - Cole Bardreau is hit by Steven Santini and loses puck.
19:03 of 1st period - Shot by Seth Helgeson.
19:03 of 1st period - Deflect By Joe Thornton.
19:03 of 1st period - Shot Blocked by Steven Santini.
19:09 of 1st period - Luke Witkowski is hit by Jason Dickinson.
19:12 of 1st period - Cole Bardreau is hit by Steven Santini and loses puck.
19:49 of 1st period - Shot by Gerald Mayhew.
19:49 of 1st period - Stopped by Mads Sogaard without a rebound.
19:50 of 1st period - Steven Fogarty wins face-off versus Nick Lappin in Wolf Pack zone.
19:53 of 1st period - Shot by Karson Kuhlman.
19:53 of 1st period - Shot Misses the Net.
Goals for this period are 1 for Penguins vs 0 for Wolf Pack.
Shots for this period are 9 for Penguins vs 5 for Wolf Pack.

2nd period


0:01 of 2nd period - Zac Dalpe wins face-off versus Jason Dickinson in neutral zone.
0:01 of 2nd period - Ben Holmstrom is hit by Marian Studenic and loses puck.
0:35 of 2nd period - Marian Studenic is hit by Daniel Walcott and loses puck.
0:39 of 2nd period - Icing by Ben Holmstrom.
0:40 of 2nd period - Zac Dalpe wins face-off versus Steven Fogarty in Wolf Pack zone.
0:40 of 2nd period - Zac Dalpe is hit by Karson Kuhlman.
1:17 of 2nd period - Shot by Joe Thornton.
1:17 of 2nd period - Shot Misses the Net.
1:19 of 2nd period - Shot by Santerri Saari.
1:19 of 2nd period - Stopped by Marek Langhamer without a rebound.
1:20 of 2nd period - Dylan Gambrell wins face-off versus Nick Lappin in Penguins zone.
1:20 of 2nd period - Dylan Gambrell is hit by Kyle Wood.
1:36 of 2nd period - Shot by Ty Ronning.
1:36 of 2nd period - Stopped by Marek Langhamer with a rebound.
1:38 of 2nd period - Shot by Michael Kapla.
1:38 of 2nd period - Stopped by Marek Langhamer without a rebound.
1:39 of 2nd period - Joe Thornton wins face-off versus Jason Dickinson in Penguins zone.
1:43 of 2nd period - Icing by Marian Studenic.
1:44 of 2nd period - Jason Dickinson wins face-off versus Joe Thornton in Penguins zone.
2:01 of 2nd period - Shot by Luke Witkowski.
2:01 of 2nd period - Stopped by Marek Langhamer without a rebound.
2:02 of 2nd period - Zac Dalpe wins face-off versus Steven Fogarty in Penguins zone.
2:02 of 2nd period - Ben Holmstrom is hit by Kevin Bahl and loses puck.
2:07 of 2nd period - Shot by Zac Dalpe .
2:07 of 2nd period - Stopped by Marek Langhamer without a rebound.
2:08 of 2nd period - Jason Dickinson wins face-off versus Zac Dalpe in Penguins zone.
3:01 of 2nd period - Icing by Matt Donovan.
3:02 of 2nd period - Steven Fogarty wins face-off versus Zac Dalpe in Wolf Pack zone.
3:04 of 2nd period - Joseph Blandisi is hit by Matt Donovan and loses puck.
3:25 of 2nd period - Shot by Karson Kuhlman.
3:25 of 2nd period - Stopped by Mads Sogaard with a rebound.
4:01 of 2nd period - Shot by Dylan Gambrell.
4:01 of 2nd period - Shot Misses the Net.
4:18 of 2nd period - Shot by Joe Thornton.
4:18 of 2nd period - Shot Misses the Net.
4:20 of 2nd period - Shot by Seth Helgeson.
4:20 of 2nd period - Shot Misses the Net.
4:22 of 2nd period - Shot by Seth Helgeson.
4:22 of 2nd period - Stopped by Marek Langhamer with a rebound.
4:59 of 2nd period - Shot by Jason Dickinson.
4:59 of 2nd period - Goal by Jason Dickinson - Penguins : 2 - Wolf Pack : 0.
5:00 of 2nd period - Nick Lappin wins face-off versus Jason Dickinson in neutral zone.
5:33 of 2nd period - Shot by Shane Bowers.
5:33 of 2nd period - Stopped by Marek Langhamer with a rebound.
5:35 of 2nd period - Shot by Kyle Wood.
5:35 of 2nd period - Stopped by Marek Langhamer without a rebound.
5:36 of 2nd period - Nick Lappin wins face-off versus Steven Fogarty in Penguins zone.
5:36 of 2nd period - Ty Ronning is hit by Keaton Middleton and loses puck.
5:53 of 2nd period - Jeremy Bracco is hit by Kevin Bahl and loses puck.
5:54 of 2nd period - Minor Penalty to Keaton Middleton for Roughing.
5:55 of 2nd period - Joe Thornton wins face-off versus Steven Fogarty in Penguins zone.
6:59 of 2nd period - Off-side.
7:00 of 2nd period - Zac Dalpe wins face-off versus Karson Kuhlman in neutral zone.
7:08 of 2nd period - Shot by Zac Dalpe .
7:08 of 2nd period - Stopped by Marek Langhamer without a rebound.
7:09 of 2nd period - Karson Kuhlman wins face-off versus Joe Thornton in Penguins zone.
7:09 of 2nd period - Karson Kuhlman is hit by Cole Bardreau.
7:18 of 2nd period - Icing by Daniel Walcott.
7:19 of 2nd period - Joe Thornton wins face-off versus Alan Quine in Wolf Pack zone.
7:32 of 2nd period - Shot by Jeremy Bracco.
7:32 of 2nd period - Shot Blocked by Kevin Bahl.
7:42 of 2nd period - Shot by Joe Thornton.
7:42 of 2nd period - Stopped by Marek Langhamer without a rebound.
7:43 of 2nd period - Steven Fogarty wins face-off versus Zac Dalpe in Penguins zone.
8:08 of 2nd period - Shot by Gerald Mayhew.
8:08 of 2nd period - Shot Misses the Net.
8:10 of 2nd period - Shot by Dylan Gambrell.
8:10 of 2nd period - Stopped by Mads Sogaard without a rebound.
8:11 of 2nd period - Jason Dickinson wins face-off versus Zac Dalpe in Wolf Pack zone.
8:11 of 2nd period - Marian Studenic is hit by Seth Helgeson and loses puck.
8:41 of 2nd period - Shot by Jason Dickinson.
8:41 of 2nd period - Shot Misses the Net.
8:43 of 2nd period - Shot by Marian Studenic.
8:43 of 2nd period - Stopped by Mads Sogaard without a rebound.
8:44 of 2nd period - Steven Fogarty wins face-off versus Joe Thornton in Wolf Pack zone.
8:45 of 2nd period - Shot by Joseph Blandisi.
8:45 of 2nd period - Stopped by Mads Sogaard with a rebound.
8:47 of 2nd period - Shot by Keaton Middleton.
8:47 of 2nd period - Shot Misses the Net.
8:49 of 2nd period - Shot by Joseph Blandisi.
8:49 of 2nd period - Stopped by Mads Sogaard without a rebound.
8:50 of 2nd period - Joe Thornton wins face-off versus Steven Fogarty in Wolf Pack zone.
9:13 of 2nd period - Shot by Karson Kuhlman.
9:13 of 2nd period - Shot Misses the Net.
9:15 of 2nd period - Shot by Keaton Middleton.
9:15 of 2nd period - Shot Misses the Net.
9:49 of 2nd period - Shot by Mikhail Maltsev.
9:49 of 2nd period - Stopped by Mads Sogaard without a rebound.
9:50 of 2nd period - Zac Dalpe wins face-off versus Jason Dickinson in Wolf Pack zone.
9:57 of 2nd period - Shot by Ben Holmstrom.
9:57 of 2nd period - Deflect By Brad Richardson.
9:57 of 2nd period - Shot Misses the Net.
10:20 of 2nd period - Icing by Steven Santini.
10:21 of 2nd period - Nick Lappin wins face-off versus Jason Dickinson in Penguins zone.
10:22 of 2nd period - Shot by Jeremy Bracco.
10:22 of 2nd period - Goal by Jeremy Bracco - Penguins : 2 - Wolf Pack : 1.
10:23 of 2nd period - Dylan Gambrell wins face-off versus Nick Lappin in neutral zone.
10:53 of 2nd period - Shot by Dylan Gambrell.
10:53 of 2nd period - Stopped by Mads Sogaard with a rebound.
10:56 of 2nd period - Icing by Kyle Wood.
10:57 of 2nd period - Jason Dickinson wins face-off versus Nick Lappin in Wolf Pack zone.
11:08 of 2nd period - Shot by Marian Studenic.
11:08 of 2nd period - Stopped by Mads Sogaard without a rebound.
11:09 of 2nd period - Joseph Blandisi wins face-off versus Zac Dalpe in Wolf Pack zone.
11:22 of 2nd period - Shot by Steven Fogarty.
11:22 of 2nd period - Shot Misses the Net.
11:49 of 2nd period - Shot by Daniel Walcott.
11:49 of 2nd period - Shot Misses the Net.
12:25 of 2nd period - Shot by Mikhail Maltsev.
12:25 of 2nd period - Deflect By Jason Dickinson.
12:25 of 2nd period - Stopped by Mads Sogaard without a rebound.
12:26 of 2nd period - Dylan Gambrell wins face-off versus Nick Lappin in Wolf Pack zone.
12:26 of 2nd period - Dylan Gambrell is hit by Kyle Wood.
12:34 of 2nd period - Shot by Brian Hart.
12:34 of 2nd period - Shot Misses the Net.
12:47 of 2nd period - Ty Ronning is hit by Dylan McIlrath and loses puck.
12:50 of 2nd period - Shot by Nick Lappin.
12:50 of 2nd period - Shot Blocked by Dylan McIlrath.
12:52 of 2nd period - Shot by Ty Ronning.
12:52 of 2nd period - Stopped by Marek Langhamer without a rebound.
12:53 of 2nd period - Zac Dalpe wins face-off versus Jason Dickinson in Penguins zone.
13:19 of 2nd period - Shot by Mikhail Maltsev.
13:19 of 2nd period - Stopped by Mads Sogaard without a rebound.
13:20 of 2nd period - Dylan Gambrell wins face-off versus Joe Thornton in Wolf Pack zone.
13:41 of 2nd period - Keaton Middleton is hit by Cole Bardreau and loses puck.
13:56 of 2nd period - Icing by Kevin Bahl.
13:57 of 2nd period - Zac Dalpe wins face-off versus Dylan Gambrell in Penguins zone.
14:08 of 2nd period - Dylan Gambrell is hit by Daniel Walcott and loses puck.
14:25 of 2nd period - Brad Richardson is hit by Dylan Gambrell and loses puck.
15:52 of 2nd period - Shot by Cole Bardreau.
15:52 of 2nd period - Shot Misses the Net.
16:18 of 2nd period - Shot by Joe Thornton.
16:18 of 2nd period - Stopped by Marek Langhamer without a rebound.
16:19 of 2nd period - Steven Fogarty wins face-off versus Zac Dalpe in Penguins zone.
16:38 of 2nd period - Daniel Walcott is hit by Joseph Blandisi and loses puck.
17:06 of 2nd period - Icing by Matt Donovan.
17:07 of 2nd period - Zac Dalpe wins face-off versus Jason Dickinson in Wolf Pack zone.
17:44 of 2nd period - Shot by Ty Ronning.
17:44 of 2nd period - Stopped by Marek Langhamer with a rebound.
18:03 of 2nd period - Icing by Nick Lappin.
18:04 of 2nd period - Steven Fogarty wins face-off versus Nick Lappin in Wolf Pack zone.
19:00 of 2nd period - Shot by Rhett Gardner.
19:00 of 2nd period - Stopped by Mads Sogaard with a rebound.
19:02 of 2nd period - Shot by Mikhail Maltsev.
19:02 of 2nd period - Goal by Mikhail Maltsev - Penguins : 3 - Wolf Pack : 1.
19:03 of 2nd period - Jason Dickinson wins face-off versus Zac Dalpe in neutral zone.
19:10 of 2nd period - Shot by Marian Studenic.
19:10 of 2nd period - Deflect By Mikhail Maltsev.
19:10 of 2nd period - Stopped by Mads Sogaard without a rebound.
19:11 of 2nd period - Jason Dickinson wins face-off versus Zac Dalpe in Wolf Pack zone.
19:13 of 2nd period - Minor Penalty to Daniel Walcott for Hooking.
19:14 of 2nd period - Zac Dalpe wins face-off versus Jason Dickinson in Wolf Pack zone.
19:33 of 2nd period - Shot by Marian Studenic.
19:33 of 2nd period - Shot Misses the Net.
19:35 of 2nd period - Shot by Steven Santini.
19:35 of 2nd period - Shot Misses the Net.
19:37 of 2nd period - Shot by Marian Studenic.
19:37 of 2nd period - Shot Misses the Net.
19:54 of 2nd period - Icing by Keaton Middleton.
19:55 of 2nd period - Brad Richardson wins face-off versus Joseph Blandisi in Penguins zone.
19:55 of 2nd period - Brad Richardson is hit by Kevin Bahl.
Goals for this period are 2 for Penguins vs 1 for Wolf Pack.
Shots for this period are 14 for Penguins vs 14 for Wolf Pack.

3rd period


0:01 of 3rd period - Jason Dickinson wins face-off versus Zac Dalpe in neutral zone.
0:20 of 3rd period - Shot by Steven Santini.
0:20 of 3rd period - Stopped by Mads Sogaard without a rebound.
0:21 of 3rd period - Joseph Blandisi wins face-off versus Zac Dalpe in Wolf Pack zone.
0:24 of 3rd period - Shot by Alan Quine.
0:24 of 3rd period - Deflect By Dylan Gambrell.
0:24 of 3rd period - Stopped by Mads Sogaard with a rebound.
0:55 of 3rd period - Shot by Dylan Gambrell.
0:55 of 3rd period - Shot Misses the Net.
1:27 of 3rd period - Shot by Mikhail Maltsev.
1:27 of 3rd period - Stopped by Mads Sogaard with a rebound.
1:40 of 3rd period - Minor Penalty to Luke Witkowski for Hooking.
1:41 of 3rd period - Jason Dickinson wins face-off versus Zac Dalpe in Wolf Pack zone.
1:59 of 3rd period - Shot by Adam Clendening.
1:59 of 3rd period - Stopped by Mads Sogaard without a rebound.
2:00 of 3rd period - Zac Dalpe wins face-off versus Jason Dickinson in Wolf Pack zone.
2:00 of 3rd period - Zac Dalpe is hit by Jason Dickinson.
2:57 of 3rd period - Shot by Adam Clendening.
2:57 of 3rd period - Shot Blocked by Santerri Saari.
4:16 of 3rd period - Off-side.
4:17 of 3rd period - Joe Thornton wins face-off versus Jason Dickinson in neutral zone.
4:38 of 3rd period - Shot by Keaton Middleton.
4:38 of 3rd period - Deflect By Marian Studenic.
4:38 of 3rd period - Shot Misses the Net.
4:40 of 3rd period - Shot by Jason Dickinson.
4:40 of 3rd period - Shot Misses the Net.
4:42 of 3rd period - Shot by Jason Dickinson.
4:42 of 3rd period - Stopped by Mads Sogaard without a rebound.
4:43 of 3rd period - Steven Fogarty wins face-off versus Nick Lappin in Wolf Pack zone.
4:46 of 3rd period - Shot by Joseph Blandisi.
4:46 of 3rd period - Stopped by Mads Sogaard with a rebound.
5:03 of 3rd period - Shot by Ty Ronning.
5:03 of 3rd period - Shot Misses the Net.
5:05 of 3rd period - Shot by Jeremy Bracco.
5:05 of 3rd period - Stopped by Marek Langhamer with a rebound.
5:07 of 3rd period - Shot by Nick Lappin.
5:07 of 3rd period - Stopped by Marek Langhamer with a rebound.
5:09 of 3rd period - Shot by Nick Lappin.
5:09 of 3rd period - Stopped by Marek Langhamer without a rebound.
5:10 of 3rd period - Joe Thornton wins face-off versus Dylan Gambrell in Penguins zone.
5:10 of 3rd period - Cole Bardreau is hit by Steven Santini and loses puck.
5:52 of 3rd period - Off-side.
5:53 of 3rd period - Zac Dalpe wins face-off versus Jason Dickinson in neutral zone.
6:23 of 3rd period - Shot by Ben Holmstrom.
6:23 of 3rd period - Deflect By Zac Dalpe .
6:23 of 3rd period - Shot Misses the Net.
6:27 of 3rd period - Shot by Ben Holmstrom.
6:27 of 3rd period - Shot Blocked by Kevin Bahl.
6:29 of 3rd period - Shot by Matt Donovan.
6:29 of 3rd period - Shot Blocked by Kevin Bahl.
6:31 of 3rd period - Shot by Brad Richardson.
6:31 of 3rd period - Stopped by Marek Langhamer without a rebound.
6:32 of 3rd period - Steven Fogarty wins face-off versus Nick Lappin in Penguins zone.
6:43 of 3rd period - Shot by Steven Fogarty.
6:43 of 3rd period - Stopped by Mads Sogaard without a rebound.
6:44 of 3rd period - Dylan Gambrell wins face-off versus Joe Thornton in Wolf Pack zone.
7:03 of 3rd period - Shot by Joe Thornton.
7:03 of 3rd period - Shot Blocked by Brian Hart.
7:09 of 3rd period - Shot by Cole Bardreau.
7:09 of 3rd period - Shot Misses the Net.
7:11 of 3rd period - Shot by Joe Thornton.
7:11 of 3rd period - Goal by Joe Thornton - Penguins : 3 - Wolf Pack : 2.
7:12 of 3rd period - Jason Dickinson wins face-off versus Zac Dalpe in neutral zone.
8:48 of 3rd period - Shot by Cole Bardreau.
8:48 of 3rd period - Stopped by Marek Langhamer without a rebound.
8:49 of 3rd period - Dylan Gambrell wins face-off versus Ty Ronning in Penguins zone.
9:39 of 3rd period - Rhett Gardner is hit by Ty Ronning and loses puck.
9:48 of 3rd period - Shot by Steven Fogarty.
9:48 of 3rd period - Shot Misses the Net.
10:24 of 3rd period - Icing by Kyle Wood.
10:25 of 3rd period - Nick Lappin wins face-off versus Jason Dickinson in Wolf Pack zone.
10:25 of 3rd period - Nick Lappin is hit by Jason Dickinson.
10:32 of 3rd period - Off-side.
10:33 of 3rd period - Zac Dalpe wins face-off versus Dylan Gambrell in neutral zone.
10:38 of 3rd period - Shot by Ben Holmstrom.
10:38 of 3rd period - Stopped by Marek Langhamer without a rebound.
10:39 of 3rd period - Steven Fogarty wins face-off versus Zac Dalpe in Penguins zone.
10:39 of 3rd period - Steven Fogarty is hit by Daniel Walcott.
10:52 of 3rd period - Minor Penalty to Daniel Walcott for Roughing.
10:53 of 3rd period - Brad Richardson wins face-off versus Marian Studenic in Wolf Pack zone.
11:03 of 3rd period - Off-side.
11:04 of 3rd period - Joseph Blandisi wins face-off versus Zac Dalpe in neutral zone.
11:25 of 3rd period - Icing by Alan Quine.
11:26 of 3rd period - Joseph Blandisi wins face-off versus Zac Dalpe in Penguins zone.
11:43 of 3rd period - Shot by Adam Clendening.
11:43 of 3rd period - Shot Misses the Net.
12:05 of 3rd period - Shot by Jason Dickinson.
12:05 of 3rd period - Stopped by Mads Sogaard without a rebound.
12:06 of 3rd period - Ben Holmstrom wins face-off versus Jason Dickinson in Wolf Pack zone.
12:38 of 3rd period - Shot by Keaton Middleton.
12:38 of 3rd period - Shot Blocked by Matt Donovan.
12:58 of 3rd period - Shot by Steven Fogarty.
12:58 of 3rd period - Stopped by Mads Sogaard without a rebound.
12:59 of 3rd period - Dylan Gambrell wins face-off versus Joe Thornton in Wolf Pack zone.
13:07 of 3rd period - Gerald Mayhew is hit by Kyle Wood.
13:29 of 3rd period - Shot by Dylan Gambrell.
13:29 of 3rd period - Stopped by Mads Sogaard without a rebound.
13:30 of 3rd period - Steven Fogarty wins face-off versus Nick Lappin in Wolf Pack zone.
13:30 of 3rd period - Steven Fogarty is hit by Seth Helgeson.
13:34 of 3rd period - Shot by Karson Kuhlman.
13:34 of 3rd period - Shot Misses the Net.
13:35 of 3rd period - Minor Penalty to Seth Helgeson for Hooking.
13:35 of 3rd period - Minor Penalty to Karson Kuhlman for High sticking.
13:36 of 3rd period - Steven Fogarty wins face-off versus Zac Dalpe in Wolf Pack zone.
13:55 of 3rd period - Shot by Brad Richardson.
13:55 of 3rd period - Shot Misses the Net.
13:57 of 3rd period - Shot by Zac Dalpe .
13:57 of 3rd period - Stopped by Marek Langhamer without a rebound.
13:58 of 3rd period - Steven Fogarty wins face-off versus Zac Dalpe in Penguins zone.
14:02 of 3rd period - Off-side.
14:03 of 3rd period - Steven Fogarty wins face-off versus Zac Dalpe in neutral zone.
14:06 of 3rd period - Shot by Steven Fogarty.
14:06 of 3rd period - Shot Blocked by Matt Donovan.
14:09 of 3rd period - Icing by Daniel Walcott.
14:10 of 3rd period - Steven Fogarty wins face-off versus Zac Dalpe in Wolf Pack zone.
14:13 of 3rd period - Shot by Alan Quine.
14:13 of 3rd period - Deflect By Steven Fogarty.
14:13 of 3rd period - Shot Misses the Net.
14:21 of 3rd period - Shot by Brad Richardson.
14:21 of 3rd period - Shot Misses the Net.
14:23 of 3rd period - Shot by Zac Dalpe .
14:23 of 3rd period - Stopped by Marek Langhamer with a rebound.
14:25 of 3rd period - Shot by Brad Richardson.
14:25 of 3rd period - Deflect By Zac Dalpe .
14:25 of 3rd period - Stopped by Marek Langhamer without a rebound.
14:26 of 3rd period - Zac Dalpe wins face-off versus Steven Fogarty in Penguins zone.
14:30 of 3rd period - Icing by Kevin Bahl.
14:31 of 3rd period - Zac Dalpe wins face-off versus Steven Fogarty in Penguins zone.
14:50 of 3rd period - Shot by Alan Quine.
14:50 of 3rd period - Stopped by Mads Sogaard with a rebound.
14:52 of 3rd period - Shot by Steven Fogarty.
14:52 of 3rd period - Stopped by Mads Sogaard without a rebound.
14:53 of 3rd period - Steven Fogarty wins face-off versus Zac Dalpe in Wolf Pack zone.
15:07 of 3rd period - Icing by Steven Santini.
15:08 of 3rd period - Zac Dalpe wins face-off versus Steven Fogarty in Penguins zone.
15:15 of 3rd period - Shot by Zac Dalpe .
15:15 of 3rd period - Shot Blocked by Steven Santini.
15:17 of 3rd period - Shot by Nick Lappin.
15:17 of 3rd period - Stopped by Marek Langhamer with a rebound.
15:19 of 3rd period - Shot by Nick Lappin.
15:19 of 3rd period - Stopped by Marek Langhamer with a rebound.
15:21 of 3rd period - Shot by Daniel Walcott.
15:21 of 3rd period - Stopped by Marek Langhamer without a rebound.
15:22 of 3rd period - Zac Dalpe wins face-off versus Gerald Mayhew in Penguins zone.
15:49 of 3rd period - Cole Bardreau is hit by Mikhail Maltsev and loses puck.
16:08 of 3rd period - Shot by Jason Dickinson.
16:08 of 3rd period - Shot Misses the Net.
16:36 of 3rd period - Shot by Gerald Mayhew.
16:36 of 3rd period - Stopped by Mads Sogaard with a rebound.
16:49 of 3rd period - Henri Ikonen is hit by Steven Santini and loses puck.
17:05 of 3rd period - Shot by Henri Ikonen.
17:05 of 3rd period - Shot Blocked by Steven Santini.
17:07 of 3rd period - Shot by Nick Lappin.
17:07 of 3rd period - Shot Misses the Net.
17:30 of 3rd period - Ben Holmstrom is hit by Steven Santini and loses puck.
18:03 of 3rd period - Icing by Keaton Middleton.
18:04 of 3rd period - Joe Thornton wins face-off versus Steven Fogarty in Penguins zone.
18:17 of 3rd period - Shot by Daniel Walcott.
18:17 of 3rd period - Shot Misses the Net.
18:19 of 3rd period - Shot by Joe Thornton.
18:19 of 3rd period - Stopped by Marek Langhamer without a rebound.
18:20 of 3rd period - Jason Dickinson wins face-off versus Nick Lappin in Penguins zone.
18:33 of 3rd period - Mikhail Maltsev is hit by Ty Ronning and loses puck.
18:45 of 3rd period - Icing by Mikhail Maltsev.
18:46 of 3rd period - Jason Dickinson wins face-off versus Joe Thornton in Penguins zone.
18:52 of 3rd period - Andreas Englund is hit by Daniel Walcott and loses puck.
19:00 of 3rd period - Daniel Walcott is hit by Marian Studenic and loses puck.
19:05 of 3rd period - Shot by Marian Studenic.
19:05 of 3rd period - Stopped by Mads Sogaard without a rebound.
19:06 of 3rd period - Zac Dalpe wins face-off versus Jason Dickinson in Wolf Pack zone.
19:10 of 3rd period - Off-side.
19:11 of 3rd period - Jason Dickinson wins face-off versus Zac Dalpe in neutral zone.
19:39 of 3rd period - Off-side.
19:40 of 3rd period - Zac Dalpe wins face-off versus Jason Dickinson in neutral zone.
19:43 of 3rd period - Steven Santini is hit by Ben Holmstrom and loses puck.
19:54 of 3rd period - Wolf Pack, Mads Sogaard is pulled from the net.
Goals for this period are 0 for Penguins vs 1 for Wolf Pack.
Shots for this period are 14 for Penguins vs 14 for Wolf Pack.